 Dungeon Crawl Stone Soup version 0.30-b1-2-g02819fbbbe (webtiles) character file.

Game seed: 16421790463791491394

377 Dirian the Slasher (level 6, 0/56 HPs)
             Began as a Minotaur Monk on May 11, 2023.
             Slain by a troll zombie (4 damage)
             ... in an ossuary.
             The game lasted 00:04:55 (2469 turns).

Dirian the Slasher (Minotaur Monk)                  Turns: 2469, Time: 00:04:56

Health: 0/56       AC:  2    Str: 17    XL:     6   Next: 45%
Magic:  5/5        EV: 13    Int:  7    God:
Gold:   104        SH:  0    Dex: 13    Spells: 5/5 levels left

rFire   . . .        a - +0 falchion (vamp)
rCold   . . .        d - orb {light}
rNeg    . . .        b - +0 robe
rPois   +            (helmet restricted)
rElec   .            (no cloak)
rCorr   .            (no gloves)
SInv    .            (no boots)
Will    .....        (no amulet)
Stlth   +            e - ring of poison resistance
HPRegen 0.29/turn    (no ring)
MPRegen 0.09/turn

%: no passive effects
@: glowing
A: horns 2, retaliatory headbutt
a: no special abilities


You were in an ossuary.
You visited 1 branch of the dungeon, and saw 4 of its levels.
You also visited: Ossuary.

You collected 104 gold pieces.

Inventory:

Hand Weapons
 a - a +0 vampiric falchion (weapon)
 g - a +0 morningstar
 j - a +0 falchion
Armour
 b - a +0 robe (worn)
 d - an orb of light (worn)
Jewellery
 e - a ring of poison resistance (left hand)
Scrolls
 f - 2 scrolls of brand weapon
 o - a scroll of vulnerability
 r - 5 scrolls of identify
Potions
 c - 2 potions of ambrosia
 h - a potion of haste
 i - 2 potions of brilliance
 l - 2 potions of cancellation
 n - a potion of resistance
 q - 3 potions of curing


   Skills:
 + Level 5.1 Fighting
 + Level 7.1 Long Blades
 * Level 3.3 Armour
 - Level 3.2 Dodging


You had 5 spell levels left.
You didn't know any spells.
Your spell library contained the following spells:

 Spells                   Type           Power      Damage    Failure   Level
 Beastly Appendage        Tmut           0%         N/A       43%         1
 Freeze                   Ice            0%         1d3       43%         1
 Blink                    Tloc           0%         N/A       56%         2
 Lesser Beckoning         Tloc           0%         N/A       56%         2
 Momentum Strike          Conj/Tloc      0%         3d8       56%         2
 Wereblood                Tmut           0%         N/A       56%         2
 Frozen Ramparts          Ice            0%         1d1       80%         3
 Hailstorm                Conj/Ice       0%         3d3       80%         3
 Spider Form              Tmut/Pois      0%         N/A       80%         3


Dungeon Overview and Level Annotations

Branches:
Dungeon (4/15) Zot: 21964 Ossuary (1/1) Zot: 5561
 Temple: D:4-7

Altars:
Makhleb

Shops:
D:4 =


Innate Abilities, Weirdness & Mutations

You have a pair of horns on your head.
You reflexively headbutt those who attack you in melee.


Message History

The centaur zombie barely misses you. The troll zombie misses you.
The troll zombie claws you.
* * * LOW HITPOINT WARNING * * *
The troll zombie misses you. The centaur zombie barely misses you.
The centaur zombie closely misses you. The centaur zombie closely misses you.
The centaur zombie kicks you.
* * * LOW HITPOINT WARNING * * *
There is an open door here.
You hit the centaur zombie.
The centaur zombie is lightly damaged.
The centaur zombie closely misses you.
The centaur zombie completely misses you.
The centaur zombie closely misses you. You furiously retaliate!
You headbutt the centaur zombie!
The centaur zombie kicks you but does no damage.
You slash the centaur zombie!
You headbutt the centaur zombie, but do no damage.
The centaur zombie is severely damaged.
The centaur zombie barely misses you. The centaur zombie closely misses you.
You hit the centaur zombie. You headbutt the centaur zombie.
The centaur zombie is severely damaged.
The centaur zombie barely misses you. The centaur zombie kicks you.
* * * LOW HITPOINT WARNING * * *
You hit the centaur zombie. You headbutt the centaur zombie.
You destroy the centaur zombie!
Your Long Blades skill increases to level 7!
You feel better.
You hit the troll zombie.
You headbutt the troll zombie, but do no damage.
The troll zombie is moderately damaged.
The troll zombie bites you.
* * * LOW HITPOINT WARNING * * *
The troll zombie closely misses you. The troll zombie claws you.
* * * LOW HITPOINT WARNING * * *
You hit the troll zombie. You headbutt the troll zombie.
The troll zombie is heavily damaged.
The troll zombie bites you.
* * * LOW HITPOINT WARNING * * *
The troll zombie claws you.
You die...

#..# ####......#.....
#..# #...............
#..+ +...............
#..# ........??!....
#..# .....!!$??...
#..########..?$∩$!..#
#..'.'....'..?!$?!...
#..#Z#........?!?....
#..#@#...............
#..###...............
#..'.####......#.....
#..#.#.........#.....
#..#.#....#....#....#
#..###....#....#....#
#..'.#....#....#....#
#..#.####'##'#####'##
#..#...#...#...#...#.


You could see a troll zombie.

Vanquished Creatures
  3 centaur zombies (Ossuary)
  2 orc wizards (D:4)
  An ogre zombie (Ossuary)
  7 mummies (Ossuary)
  A gnoll (D:1)
  3 adders
  2 adder zombies (Ossuary)
  2 worms
  4 dart slugs
  5 orcs
  3 endoplasms
  A giant cockroach (D:3)
  4 goblins
  2 hobgoblins
  3 jackals (D:2)
  6 kobolds
  A quokka (D:1)
  2 ball pythons
  5 bats
  5 frilled lizards
  A goblin zombie (Ossuary)
  3 hobgoblin zombies (Ossuary)
  4 kobold zombies (Ossuary)
  2 quokka zombies (Ossuary)
  11 rats
  A rat zombie (Ossuary)
84 creatures vanquished.

Vanquished Creatures (others)
  15 plants (D:1)
15 creatures vanquished.

Grand Total: 99 creatures vanquished

Notes
Turn   | Place    | Note
-------+----------+-------------------------------------------
     0 | D:1      | Dirian the Minotaur Monk began the quest for the Orb.
     0 | D:1      | Reached XP level 1. HP: 19/19 MP: 0/0
     1 | D:1      | Noticed an electric eel
   120 | D:1      | Reached XP level 2. HP: 27/27 MP: 1/1
   151 | D:1      | Reached skill level 4 in Long Blades
   151 | D:1      | Reached skill level 1 in Armour
   293 | D:1      | Reached XP level 3. HP: 26/33 MP: 2/2
  1081 | D:2      | Found a faded altar of an unknown god.
  1418 | D:3      | Reached XP level 4. HP: 39/41 MP: 3/3
  1585 | D:3      | Found a burning altar of Makhleb.
  1606 | D:3      | Reached skill level 5 in Long Blades
  1800 | D:4      | Found Vazeomm's Jewellery Shoppe.
  1933 | D:4      | Reached XP level 5. HP: 45/47 MP: 4/4
  2024 | D:4      | Found a sand-covered staircase.
  2029 | Ossuary  | Entered an ossuary
  2129 | Ossuary  | Reached skill level 6 in Long Blades
  2243 | Ossuary  | Reached skill level 5 in Fighting
  2303 | Ossuary  | Reached XP level 6. HP: 42/56 MP: 5/5
  2467 | Ossuary  | Reached skill level 7 in Long Blades
  2469 | Ossuary  | Slain by a troll zombie

Illustrated notes

Levels and vault maps discovered:
D:1:      arrival_aquarium_a, layout_loops_ring, kennysheep_boxes
D:2:      layout_basic, dilly_ecumenical_altar_fadedgnrine
D:3:      minmay_diamond_boxcup, layout_rooms, nicolae_overflow_crystal_walls
D:4:      layout_layer_cave, lemuel_coloured_pillars_altar,
          nicolae_qazlal_scattered_showers, enter_ossuary_2, serial_shops, shop,
          minmay_circle_x
Ossuary:  ossuary_boxes_badplayer

Skill      XL: |  1  2  3  4  5  6 |
---------------+-------------------+-----
Fighting       | 4 5 |  5.1
Long Blades    | 4 5 6 7 |  7.1
Armour         | 1 2 3 |  3.3
Dodging        | |  3.2

Action                     |  1- 3 |  4- 6 || total
---------------------------+-------+-------++-------
  Melee: Falchion          |    80 |   130 ||   210
         Headbutt          |    11 |    48 ||    59
    Use: Scroll            |       |    12 ||    12
         Potion            |       |     2 ||     2
 Armour: Robe              |    10 |    15 ||    25
  Dodge: Dodged            |    59 |    92 ||   151
